 Dungeon Crawl Stone Soup version 0.15.0-11-g6f4f891 (webtiles) character file.

329 Kex the Magician (level 6, 0/48 HPs)
             Began as a Draconian Transmuter on Aug 31, 2014.
             Was an Initiate of Elyvilon.
             Slain by an orc
             ... wielding a +0 short sword of draining
              (5 damage)
             ... on Level 4 of the Dungeon.
             The game lasted 01:18:25 (5248 turns).

Kex the Magician (Draconian Transmuter)             Turns: 5248, Time: 01:18:25

HP   0/48        AC  7     Str 13      XL: 6   Next: 25%
MP  22/23        EV 17     Int 15      God: Elyvilon [......]
Gold 89          SH  0     Dex 16      Spells:  2 memorised,  9 levels left

rFire  . . .     SeeInvis .     s - +0 dagger (speed)
rCold  . . .     Clarity  .     (armour unavailable)
rNeg   . . .     rCorr    .     (no shield)
rPois  .         rRot     .     (helmet restricted)
rElec  .         Spirit   .     c - +0 cloak
SustAb .         Warding  .     (no gloves)
rMut   .         Stasis   .     (no boots)
Gourm  +                        t - amulet of the gourmand
MR     .....                    (no ring)
                                n - ring of magical power

@: agile, lethally poisoned, appendage, heavily drained, not resistant to
hostile enchantments, unstealthy
A: unfitting armour, horns 2, cold-blooded, AC +6
a: End Transformation, Lesser Healing, Renounce Religion


You were on level 4 of the Dungeon.
You worshipped Elyvilon.
Elyvilon was noncommittal.
You were very full.
You had grown temporary horns.
You visited 1 branch of the dungeon, and saw 5 of its levels.

You collected 89 gold pieces.

Inventory:

Hand weapons
 b - a +2 quarterstaff of chaos
 s - a +0 dagger of speed (weapon)
Missiles
 f - 8 stones (quivered)
 h - 10 poisoned sling bullets
 o - 22 bolts
 v - 9 poisoned needles
Armour
 c - a +0 cloak (worn)
 g - a cursed +0 leather armour
 i - a +0 chain mail
 u - a +2 robe of positive energy
Magical devices
 r - a wand of slowing (4)
Comestibles
 a - 5 bread rations
 l - a royal jelly
 m - a beef jerky
 w - a rotting chunk of hobgoblin flesh
 z - 2 rotting chunks of goblin flesh
 A - a meat ration
Scrolls
 q - a scroll of noise
Jewellery
 n - a ring of magical power (left hand)
 t - an amulet of the gourmand (around neck)
Books
 d - a book of Changes

   Spells                             Type                      Level
   *Beastly Appendage                 Transmutation                1
   *Sticks to Snakes                  Transmutation                2
   Spider Form                        Transmutation/Poison         3
   Ice Form                           Ice/Transmutation            4
   Blade Hands                        Transmutation                5


   Skills:
 + Level 2.2(1.0) Fighting
 + Level 0.4(0.0) Short Blades
 + Level 3.0(1.7) Dodging
 + Level 0.2(0.0) Stealth
 + Level 3.4(2.1) Unarmed Combat
 + Level 3.9(2.6) Spellcasting
 + Level 3.7(2.4) Transmutations


You had 9 spell levels left.
You knew the following spells:

 Your Spells              Type           Power        Failure   Level  Hunger
a - Beastly Appendage     Trmt           #.....       10%         1    #......
b - Sticks to Snakes      Trmt           #.........   12%         2    ##.....


Dungeon Overview and Level Annotations

Branches:
Dungeon (5/15)
 Temple: D:4-7

Altars:
Elyvilon
Kikubaaqudgha

Annotations:
D:3 Grinder


Innate Abilities, Weirdness & Mutations

Your plain brown scales are hard (AC +6).
Your body does not fit into most forms of armour.
Your cold-blooded metabolism reacts poorly to cold.
You have a pair of horns on your head.


Message History

You barely miss the adder.
The adder is almost dead.
Your horns disappear.
The adder barely misses you.
You closely miss the adder.
The adder is almost dead.
The adder bites you but does no damage. The orc closely misses you.
You hit the adder.
You kill the adder!
You feel sick.
You see here an adder corpse.
Drink which item? (? for menu, Esc to quit)
You feel agile all of a sudden.
You feel sick. The orc closely misses you.
You feel sick.
Casting: Beastly Appendage
Confirm with . or Enter, or press ? or * to list all spells.
You grow a pair of large bovine horns.
The orc hits you with a short sword of draining.
You die...

................#...*******,,**,,
#####.##....###....** *,,**,* *
#.##....# *$..,* *,,**,,
#.##.##.###.#*,***#****,,**,,
#.##.###...#**,,....,,,,,*,,,
#.##.# ##<.###.....,,,,,,,,,,
#.##.# #..........,,,,,**,,,
#.##.#####.###.###********,,,
#......>%.zo@..# ****
################


You could see a wight and an orc.

Vanquished Creatures
  Sigmund (D:3)
  An orc wizard (D:3)
  Ijyb (D:2)
  Jessica (D:2)
  6 adders
  A worm (D:2)
  A giant mite (D:3)
  2 giant geckos
  3 orcs (D:3)
  2 ball pythons
  11 bats
  2 giant cockroaches
  12 goblins
  10 hobgoblins
  2 jackals (D:4)
  7 kobolds
  A quokka (D:2)
  5 giant newts
  9 rats
78 creatures vanquished.

Vanquished Creatures (collateral kills)
  Crazy Yiuf (D:3)
  An orc priest (D:3)
  An orc wizard (D:3)
  Terence (D:3)
  3 worms
  A giant mite (D:3)
  6 orcs (D:3)
  A giant cockroach (D:2)
  2 kobolds
  2 rats
19 creatures vanquished.

Grand Total: 97 creatures vanquished

Notes
Turn   | Place    | Note
--------------------------------------------------------------
     0 | D:1      | Kex, the Draconian Transmuter, began the quest for the Orb.
     0 | D:1      | Reached XP level 1. HP: 16/16 MP: 3/3
   539 | D:1      | Reached XP level 2. HP: 15/23 MP: 4/4
  1281 | D:1      | Learned a level 2 spell: Sticks to Snakes
  1427 | D:2      | Reached XP level 3. HP: 28/28 MP: 1/6
  1536 | D:2      | Noticed Ijyb
  1691 | D:2      | Killed Ijyb
  2195 | D:2      | Reached XP level 4. HP: 25/35 MP: 8/8
  2463 | D:2      | Found a white marble altar of Elyvilon.
  2476 | D:2      | Found an ancient bone altar of Kikubaaqudgha.
  2500 | D:2      | Became a worshipper of Elyvilon the Healer
  2878 | D:2      | Noticed Jessica
  2907 | D:2      | Killed Jessica
  3444 | D:3      | Noticed Sigmund
  3494 | D:3      | Killed Sigmund
  3494 | D:3      | Reached XP level 5. HP: 23/41 MP: 3/11
  4163 | D:3      | Noticed Terence
  4184 | D:3      | Killed Terence
  4184 | D:3      | Reached XP level 6. HP: 45/48 MP: 9/13
  4375 | D:3      | Noticed Crazy Yiuf
  4396 | D:3      | Fell from the grace of Elyvilon
  4404 | D:3      | Killed Crazy Yiuf
  4700 | D:2      | Became a worshipper of Elyvilon the Healer
  5015 | D:3      | Noticed Grinder
  5034 | D:3      | Paralysed by Grinder for 7 turns
  5194 | D:3      | Paralysed by Grinder for 3 turns
  5227 | D:5      | Entered Level 5 of the Dungeon
  5248 | D:4      | Slain by an orc

Action                   |  1- 3 |  4- 6 || total
-------------------------+-------+-------++-------
Melee: Dagger            |   179 |   211 ||   390
Throw: Stone             |     7 |       ||     7
 Cast: Beastly Appendage |    20 |    23 ||    43
       Sticks to Snakes  |     8 |    51 ||    59
  Use: Potion            |     1 |     2 ||     3
       Scroll            |       |     8 ||     8
  Eat: Chunk             |     5 |    16 ||    21
       Fruit             |       |     4 ||     4
